Boston Bruins vs Vegas Golden Knights
Created - Wednesday, June 21, 2023 at 07:00
Goals
|
| Boston Bruins |
0 |
0 |
1 |
1 |
| Vegas Golden Knights |
1 |
1 |
1 |
3 |
|
Shots
|
| Boston Bruins |
7 |
11 |
19 |
37 |
| Vegas Golden Knights |
9 |
21 |
13 |
43 |
|
1st period
1. Vegas Golden Knights , Victor Olofsson 11 (Colin White 29, John Marino 26) at 18:29
Penalties :
Joel Farabee (BOS) for Hooking (Minor) at 6:05, Pavel Zacha (BOS) for Tripping (Minor) at 19:24
2nd period
2. Vegas Golden Knights , Victor Olofsson 12 (Colin White 30, Vladislav Namestnikov 10) at 16:26
Penalties :
No Penalty
3rd period
3. Vegas Golden Knights , Jaden Schwartz 22 (Tom Wilson 49, P.K. Subban 15) at 1:39 (PP)
4. Boston Bruins , Joel Farabee 28 (Brandon Hagel 10, Ryan Donato 26) at 10:10 (PP)
Penalties :
Mason Appleton (BOS) for Tripping (Minor) at 1:28, Jonathan Drouin (VGK) for Holding (Minor) at 8:45, Vladislav Namestnikov (VGK) for Slashing (Minor) at 14:19
Goalie Stats
Pyotr Kochetkov (BOS), 40 saves from 43 shots - (0.930), L, 6-9-0, 60:00 minutes
Philipp Grubauer (VGK), 36 saves from 37 shots - (0.973), W, 14-17-3, 60:00 minutes
Players Stats for Boston Bruins
Player Name G A P +/- PIM S H SB GA TA FO MP PP MP PK MP
------------------------------------------------------------------------------------
Anthony Beauvillier 0 0 0 0 0 0 2 1 0 0 0/1 16:15 0:00 1:32
Brandon Hagel 0 1 1 0 0 0 2 0 0 0 0/0 15:41 1:38 0:00
Brock McGinn 0 0 0 -2 0 0 0 1 0 1 0/0 12:39 0:00 0:00
Charlie McAvoy 0 0 0 0 0 1 4 0 0 0 0/0 22:35 1:22 2:04
Danton Heinen 0 0 0 -2 0 3 0 0 0 1 0/0 12:39 0:00 0:00
Joel Farabee 1 0 1 0 2 2 3 0 1 0 1/3 17:30 1:38 1:12
Jordan Spence 0 0 0 0 0 3 0 0 0 1 0/0 17:42 0:00 0:00
Mason Appleton 0 0 0 0 2 3 1 0 0 0 0/1 11:26 0:00 0:00
Matt Grzelcyk 0 0 0 -2 0 1 0 2 0 0 0/0 17:43 2:02 0:00
Morgan Geekie 0 0 0 0 0 0 1 0 0 0 2/2 10:45 0:00 0:00
Pavel Zacha 0 0 0 0 2 3 3 0 1 1 7/19 17:11 1:46 1:00
Phil Kessel 0 0 0 0 0 2 1 0 1 0 1/2 17:32 1:46 1:54
Ryan Donato 0 1 1 -2 0 4 0 1 0 0 1/8 15:53 1:38 0:46
Samuel Girard 0 0 0 0 0 0 1 1 0 2 0/0 22:35 1:22 2:04
Sean Durzi 0 0 0 0 0 3 0 0 0 0 0/1 10:45 0:00 0:00
Tyson Barrie 0 0 0 0 0 3 0 0 0 1 0/0 21:47 2:02 2:05
Victor Mete 0 0 0 -2 0 1 0 0 0 3 0/0 17:38 0:00 2:05
Vincent Trocheck 0 0 0 0 0 8 3 1 0 1 11/19 17:32 1:46 1:54
Players Stats for Vegas Golden Knights
Player Name G A P +/- PIM S H SB GA TA FO MP PP MP PK MP
------------------------------------------------------------------------------------
Andreas Johnsson 0 0 0 2 0 0 0 0 0 0 0/0 8:37 1:41 0:00
Andrew Peeke 0 0 0 0 0 1 1 0 0 0 0/0 19:18 0:00 1:48
Anthony Cirelli 0 0 0 0 0 1 2 0 0 0 10/15 15:50 0:00 1:01
Artemi Panarin 0 0 0 0 0 7 1 1 1 0 1/1 21:07 2:28 0:08
Brian Dumoulin 0 0 0 1 0 5 0 2 0 0 0/0 24:16 0:00 1:36
Colin White 0 2 2 2 0 1 2 0 0 0 2/5 9:45 2:28 0:10
Jaden Schwartz 1 0 1 0 0 6 0 1 2 0 0/0 18:12 2:36 0:51
John Marino 0 1 1 1 0 2 4 3 1 1 0/0 24:14 1:33 0:00
Jonathan Drouin 0 0 0 0 2 0 2 1 3 0 0/0 12:34 0:00 0:00
Jordan Staal 0 0 0 0 0 0 3 1 0 0 17/28 20:46 0:00 2:04
Marc Staal 0 0 0 0 0 1 2 0 0 1 0/0 19:18 0:00 1:48
Marc-Edouard Vlasic 0 0 0 1 0 0 0 0 0 0 0/0 13:12 0:00 1:36
P.K. Subban 0 1 1 1 0 0 0 1 0 0 0/0 14:52 2:36 0:00
Rickard Rakell 0 0 0 0 0 3 1 0 3 1 0/0 16:17 1:41 0:00
Tom Wilson 0 1 1 0 0 6 4 2 1 0 0/1 22:35 2:28 2:04
Victor Olofsson 2 0 2 2 0 4 2 0 0 0 0/0 8:42 1:33 0:00
Vladislav Namestnikov 0 1 1 0 2 1 3 0 0 0 3/5 14:03 1:41 0:09
Zach Parise 0 0 0 0 0 5 0 0 0 0 0/1 12:56 0:00 0:21
3 Stars
1 - Victor Olofsson (VGK)
2 - Philipp Grubauer (VGK)
3 - Colin White (VGK)
Power Play
Boston Bruins - 1 on 2 Attempt(s) - 50.00%
Vegas Golden Knights - 1 on 3 Attempt(s) - 33.33%
Penalty Kill
Boston Bruins - 2 on 3 Attempt(s) - 66.67%
- Score 0 goal in Penalty Kill
Vegas Golden Knights - 1 on 2 Attempt(s) - 50.00%
- Score 0 goal in Penalty Kill
Team Stat
Boston Bruins - Hits : 21 - Faceoff Wins : 23 - Blocked Shots : 7 - Penalty Minutes : 6
Vegas Golden Knights - Hits : 27 - Faceoff Wins : 33 - Blocked Shots : 12 - Penalty Minutes : 4
Official
Referees : Kevin Pollock and Dave Lewis
Linesman : Lonnie Cameron and Brad Kovachik
Game Notes
No Game Note
Finance
Level 1 -- Attendance: 5903 (98.38%) -- Ticket Income $560,785
Level 2 -- Attendance: 5000 (100.00%) -- Ticket Income $275,000
Level 3 -- Attendance: 2692 (89.73%) -- Ticket Income $80,760
Level 4 -- Attendance: 4773 (95.46%) -- Ticket Income $95,460
Luxury Box -- Attendance: 882 (88.20%) -- Ticket Income $167,580
Game was played at the T-Mobile Arena.
Total Attendance: 19250 (96.25%)
Total Ticket Income: $1,179,585
Other Income: $412,855
Total Income: $1,592,440
Boston Bruins
5 vs 5 Forward
Center Left Wing Right Wing Time % Phy DF OF
1 Vincent Trocheck Phil Kessel Brandon Hagel 30 1 2 2
2 Pavel Zacha Joel Farabee Anthony Beauvillier 30 1 2 2
3 Ryan Donato Danton Heinen Brock McGinn 25 1 2 2
4 Morgan Geekie Mason Appleton Sean Durzi 15 1 2 2
5 vs 5 Defense
Defense Defense Time % Phy DF OF
1 Charlie McAvoy Samuel Girard 35 1 2 2
2 Tyson Barrie Jordan Spence 35 1 2 2
3 Matt Grzelcyk Victor Mete 30 1 2 2
4 Charlie McAvoy Samuel Girard 0 1 2 2
PowerPlay Forward
Center Left Wing Right Wing Time % Phy DF OF
1 Vincent Trocheck Pavel Zacha Phil Kessel 50 1 2 2
2 Ryan Donato Joel Farabee Brandon Hagel 50 1 2 2
PowerPlay Defense
Defense Defense Time % Phy DF OF
1 Charlie McAvoy Samuel Girard 50 1 2 2
2 Tyson Barrie Matt Grzelcyk 50 1 2 2
Penalty Kill 4 Players Forward
Center Wing Time % Phy DF OF
1 Vincent Trocheck Phil Kessel 50 1 2 2
2 Pavel Zacha Joel Farabee 50 1 2 2
Penalty Kill 4 Players Defense
Defense Defense Time % Phy DF OF
1 Charlie McAvoy Samuel Girard 50 1 2 2
2 Tyson Barrie Victor Mete 50 1 2 2
Penalty Kill - 3 Players Forward
Forward Time % Phy DF OF
1 Vincent Trocheck 50 1 2 2
2 Phil Kessel 50 1 2 2
Penalty Kill - 3 Players Defense
Defense Defense Time % Phy DF OF
1 Charlie McAvoy Samuel Girard 50 1 2 2
2 Tyson Barrie Victor Mete 50 1 2 2
4 vs 4 Forward
Center Wing Time % Phy DF OF
1 Vincent Trocheck Phil Kessel 50 1 2 2
2 Pavel Zacha Joel Farabee 50 1 2 2
4 vs 4 Defense
Defense Defense Time % Phy DF OF
1 Charlie McAvoy Samuel Girard 50 1 2 2
2 Tyson Barrie Matt Grzelcyk 50 1 2 2
Last Minutes Offensive
Center Left Wing Right Wing Defense Defense
Vincent Trocheck Pavel Zacha Phil Kessel Charlie McAvoy Samuel Girard
Last Minutes Defensive
Center Left Wing Right Wing Defense Defense
Vincent Trocheck Pavel Zacha Phil Kessel Charlie McAvoy Samuel Girard
Goaltenders
Starting : Pyotr Kochetkov
Backup : David Rittich
Extra Forwards
Normal : Mason Appleton, Brandon Hagel, Anthony Beauvillier - PP : Mason Appleton, Brandon Hagel - PK : Anthony Beauvillier
Extra Defensemen
Normal : Matt Grzelcyk, Victor Mete, Tyson Barrie - PP : Matt Grzelcyk - PK : Victor Mete, Tyson Barrie
Penalty Shots
Vincent Trocheck, Phil Kessel, Pavel Zacha, Joel Farabee, Brandon Hagel
Vegas Golden Knights
5 vs 5 Forward
Center Left Wing Right Wing Time % Phy DF OF
1 Jordan Staal Artemi Panarin Tom Wilson 40 1 2 2
2 Anthony Cirelli Jaden Schwartz Rickard Rakell 30 1 2 2
3 Vladislav Namestnikov Zach Parise Jonathan Drouin 20 1 2 2
4 Colin White Andreas Johnsson Victor Olofsson 10 1 2 2
5 vs 5 Defense
Defense Defense Time % Phy DF OF
1 Brian Dumoulin John Marino 40 1 2 2
2 Marc Staal Andrew Peeke 30 1 2 2
3 Marc-Edouard Vlasic P.K. Subban 20 1 2 2
4 Brian Dumoulin John Marino 10 1 2 2
PowerPlay Forward
Center Left Wing Right Wing Time % Phy DF OF
1 Colin White Artemi Panarin Tom Wilson 60 1 2 2
2 Vladislav Namestnikov Andreas Johnsson Rickard Rakell 40 1 2 2
PowerPlay Defense
Defense Defense Time % Phy DF OF
1 Jaden Schwartz P.K. Subban 60 1 2 2
2 Victor Olofsson John Marino 40 1 2 2
Penalty Kill 4 Players Forward
Center Wing Time % Phy DF OF
1 Jordan Staal Tom Wilson 60 1 2 2
2 Anthony Cirelli Zach Parise 40 1 2 2
Penalty Kill 4 Players Defense
Defense Defense Time % Phy DF OF
1 Marc Staal Andrew Peeke 60 1 2 2
2 Marc-Edouard Vlasic Brian Dumoulin 40 1 2 2
Penalty Kill - 3 Players Forward
Forward Time % Phy DF OF
1 Anthony Cirelli 60 1 2 2
2 Zach Parise 40 1 2 2
Penalty Kill - 3 Players Defense
Defense Defense Time % Phy DF OF
1 Marc Staal Andrew Peeke 60 1 2 2
2 Marc-Edouard Vlasic Brian Dumoulin 40 1 2 2
4 vs 4 Forward
Center Wing Time % Phy DF OF
1 Jordan Staal Artemi Panarin 60 1 2 2
2 Anthony Cirelli Tom Wilson 40 1 2 2
4 vs 4 Defense
Defense Defense Time % Phy DF OF
1 Marc Staal Andrew Peeke 60 1 2 2
2 Brian Dumoulin John Marino 40 1 2 2
Last Minutes Offensive
Center Left Wing Right Wing Defense Defense
Jordan Staal Artemi Panarin Tom Wilson Brian Dumoulin John Marino
Last Minutes Defensive
Center Left Wing Right Wing Defense Defense
Jordan Staal Zach Parise Tom Wilson Brian Dumoulin Andrew Peeke
Goaltenders
Starting : Philipp Grubauer
Backup : Casey DeSmith
Extra Forwards
Normal : Rickard Rakell, Artemi Panarin, Jordan Staal - PP : Anthony Cirelli, Zach Parise - PK : Vladislav Namestnikov
Extra Defensemen
Normal : Marc Staal, John Marino, Brian Dumoulin - PP : Marc Staal - PK : John Marino, P.K. Subban
Penalty Shots
Artemi Panarin, Rickard Rakell, Andreas Johnsson, Anthony Cirelli, Victor Olofsson
% Time on Ice - Boston Bruins
Lines # - Real PCT - Wanted PCT - Time Play
Normal Forward
1 - 26% - 30% - 13:52
2 - 29% - 30% - 15:11
3 - 24% - 25% - 12:39
4 - 20% - 15% - 10:45
Normal Defense
1 - 37% - 35% - 19:09
2 - 35% - 35% - 18:07
3 - 29% - 30% - 15:11
4 - 0% - 0% - 0:00
PP Forward
1 - 52% - 50% - 1:46
2 - 48% - 50% - 1:38
PP Defense
1 - 40% - 50% - 1:22
2 - 60% - 50% - 2:02
PK Forward
1 - 46% - 50% - 1:54
2 - 54% - 50% - 2:15
PK Defense
1 - 50% - 50% - 2:04
2 - 50% - 50% - 2:05
PK3 Forward
1 - 0% - 50%
2 - 0% - 50%
PK3 Defense
1 - 0% - 50%
2 - 0% - 50%
44 Forward
1 - 0% - 50%
2 - 0% - 50%
44 Defense
1 - 0% - 50%
2 - 0% - 50%
Last Minute Offensive - 0:00
Last Minute Defensive - 0:00
Total
Forward - 60:00
Defense - 60:00
|
% Time on Ice - Vegas Golden Knights
Lines # - Real PCT - Wanted PCT - Time Play
Normal Forward
1 - 35% - 40% - 18:07
2 - 28% - 30% - 14:49
3 - 24% - 20% - 12:35
4 - 13% - 10% - 6:56
Normal Defense
1 - 38% - 40% - 20:08
2 - 32% - 30% - 16:49
3 - 22% - 20% - 11:36
4 - 7% - 10% - 3:54
PP Forward
1 - 59% - 60% - 2:28
2 - 41% - 40% - 1:41
PP Defense
1 - 63% - 60% - 2:36
2 - 37% - 40% - 1:33
PK Forward
1 - 90% - 60% - 3:03
2 - 10% - 40% - 0:21
PK Defense
1 - 53% - 60% - 1:48
2 - 47% - 40% - 1:36
PK3 Forward
1 - 0% - 60%
2 - 0% - 40%
PK3 Defense
1 - 0% - 60%
2 - 0% - 40%
44 Forward
1 - 0% - 60%
2 - 0% - 40%
44 Defense
1 - 0% - 60%
2 - 0% - 40%
Last Minute Offensive - 0:00
Last Minute Defensive - 0:00
Total
Forward - 60:00
Defense - 60:00
|
Play-by-Play
1st period
0:01 of 1st period - Vincent Trocheck wins face-off versus Jordan Staal in neutral zone.
0:51 of 1st period - Brock McGinn is hit by Vladislav Namestnikov and loses puck.
1:15 of 1st period - Off-side.
1:16 of 1st period - Jordan Staal wins face-off versus Pavel Zacha in neutral zone.
1:21 of 1st period - Wrist shot by Tom Wilson.
1:21 of 1st period - Stopped by Pyotr Kochetkov with a rebound.
2:03 of 1st period - Snap shot by Vladislav Namestnikov.
2:03 of 1st period - Shot Misses the Net.
3:11 of 1st period - Icing by John Marino.
3:12 of 1st period - Vincent Trocheck wins face-off versus Anthony Cirelli in Vegas Golden Knights zone.
3:19 of 1st period - Brian Dumoulin is hit by Brandon Hagel and loses puck.
3:38 of 1st period - John Marino is hit by Charlie McAvoy and loses puck.
4:00 of 1st period - Icing by Rickard Rakell.
4:01 of 1st period - Anthony Cirelli wins face-off versus Ryan Donato in Vegas Golden Knights zone.
4:08 of 1st period - Wrist shot by Danton Heinen.
4:08 of 1st period - Stopped by Philipp Grubauer without a rebound.
4:09 of 1st period - Jordan Staal wins face-off versus Ryan Donato in Vegas Golden Knights zone.
4:16 of 1st period - Victor Mete is hit by Tom Wilson.
4:29 of 1st period - Icing by Victor Mete.
4:30 of 1st period - Ryan Donato wins face-off versus Vladislav Namestnikov in Boston Bruins zone.
5:21 of 1st period - Icing by John Marino.
5:22 of 1st period - Vladislav Namestnikov wins face-off versus Pavel Zacha in Vegas Golden Knights zone.
5:22 of 1st period - Vladislav Namestnikov is hit by Joel Farabee.
5:49 of 1st period - Off-side.
5:50 of 1st period - Jordan Staal wins face-off versus Mason Appleton in neutral zone.
5:59 of 1st period - Snap shot by Tom Wilson.
5:59 of 1st period - Stopped by Pyotr Kochetkov without a rebound.
6:00 of 1st period - Jordan Staal wins face-off versus Pavel Zacha in Boston Bruins zone.
6:03 of 1st period - Wrist shot by Artemi Panarin.
6:03 of 1st period - Stopped by Pyotr Kochetkov with a rebound.
6:05 of 1st period - Minor Penalty to Joel Farabee for Hooking.
6:06 of 1st period - Colin White wins face-off versus Vincent Trocheck in Boston Bruins zone.
6:31 of 1st period - P.K. Subban is hit by Pavel Zacha and loses puck.
7:05 of 1st period - Victor Olofsson is hit by Phil Kessel and loses puck.
8:05 of 1st period - Penalty to Joel Farabee is over, Joel Farabee is back on ice.
8:06 of 1st period - Joel Farabee is hit by Colin White and loses puck.
8:17 of 1st period - Zach Parise is hit by Charlie McAvoy and loses puck.
10:15 of 1st period - Wrist shot by Sean Durzi.
10:15 of 1st period - Stopped by Philipp Grubauer without a rebound.
10:16 of 1st period - Morgan Geekie wins face-off versus Colin White in Vegas Golden Knights zone.
10:56 of 1st period - Icing by Artemi Panarin.
10:57 of 1st period - Phil Kessel wins face-off versus Anthony Cirelli in Vegas Golden Knights zone.
11:04 of 1st period - Brandon Hagel is hit by John Marino and loses puck.
11:29 of 1st period - Snap shot by Colin White.
11:29 of 1st period - Stopped by Pyotr Kochetkov with a rebound.
12:03 of 1st period - Mason Appleton is hit by John Marino and loses puck.
12:10 of 1st period - Snap shot by Jonathan Drouin.
12:10 of 1st period - Deflect By Zach Parise.
12:10 of 1st period - Shot Misses the Net.
12:10 of 1st period - Puck is out of play.
12:11 of 1st period - Vincent Trocheck wins face-off versus Anthony Cirelli in Boston Bruins zone.
12:24 of 1st period - Slapshot by Vincent Trocheck.
12:24 of 1st period - Stopped by Philipp Grubauer without a rebound.
12:25 of 1st period - Joel Farabee wins face-off versus Jordan Staal in Vegas Golden Knights zone.
12:50 of 1st period - Brandon Hagel is hit by Rickard Rakell.
14:08 of 1st period - Snap shot by Vincent Trocheck.
14:08 of 1st period - Shot Misses the Net.
14:10 of 1st period - Wrist shot by Vincent Trocheck.
14:10 of 1st period - Stopped by Philipp Grubauer with a rebound.
14:47 of 1st period - Off-side.
14:48 of 1st period - Vincent Trocheck wins face-off versus Jordan Staal in neutral zone.
14:57 of 1st period - Vincent Trocheck is hit by Marc Staal and loses puck.
15:16 of 1st period - Snap shot by Ryan Donato.
15:16 of 1st period - Deflect By Tom Wilson.
15:16 of 1st period - Stopped by Philipp Grubauer without a rebound.
15:17 of 1st period - Anthony Cirelli wins face-off versus Ryan Donato in Vegas Golden Knights zone.
15:53 of 1st period - Slapshot by Jonathan Drouin.
15:53 of 1st period - Shot Misses the Net.
16:25 of 1st period - Andreas Johnsson is hit by Morgan Geekie and loses puck.
16:55 of 1st period - Off-side.
16:56 of 1st period - Jordan Staal wins face-off versus Pavel Zacha in neutral zone.
16:59 of 1st period - Anthony Beauvillier is hit by Artemi Panarin and loses puck.
17:22 of 1st period - Charlie McAvoy is hit by Anthony Cirelli and loses puck.
17:31 of 1st period - Wrist shot by Rickard Rakell.
17:31 of 1st period - Stopped by Pyotr Kochetkov without a rebound.
17:32 of 1st period - Pavel Zacha wins face-off versus Anthony Cirelli in Boston Bruins zone.
17:47 of 1st period - Pavel Zacha is hit by Anthony Cirelli and loses puck.
17:58 of 1st period - Tom Wilson is hit by Vincent Trocheck and loses puck.
18:05 of 1st period - Backhand shot by Artemi Panarin.
18:05 of 1st period - Stopped by Pyotr Kochetkov with a rebound.
18:07 of 1st period - Wrist shot by Tom Wilson.
18:07 of 1st period - Shot Misses the Net.
18:21 of 1st period - Snap shot by Victor Olofsson.
18:21 of 1st period - Stopped by Pyotr Kochetkov with a rebound.
18:23 of 1st period - Snap shot by John Marino.
18:23 of 1st period - Shot Misses the Net.
18:25 of 1st period - Snap shot by Colin White.
18:25 of 1st period - Shot Misses the Net.
18:27 of 1st period - Snap shot by Victor Olofsson.
18:27 of 1st period - Shot Misses the Net.
18:29 of 1st period - Wrist shot by Victor Olofsson.
18:29 of 1st period - Goal by Victor Olofsson - Boston Bruins : 0 - Vegas Golden Knights : 1.
18:30 of 1st period - Pavel Zacha wins face-off versus Jordan Staal in neutral zone.
18:41 of 1st period - Snap shot by Joel Farabee.
18:41 of 1st period - Stopped by Philipp Grubauer with a rebound.
18:45 of 1st period - Slapshot by Joel Farabee.
18:45 of 1st period - Shot Misses the Net.
18:55 of 1st period - Jaden Schwartz is hit by Brandon Hagel and loses puck.
19:18 of 1st period - Slapshot by Ryan Donato.
19:18 of 1st period - Stopped by Philipp Grubauer without a rebound.
19:19 of 1st period - Vladislav Namestnikov wins face-off versus Pavel Zacha in Vegas Golden Knights zone.
19:21 of 1st period - Icing by Zach Parise.
19:22 of 1st period - Pavel Zacha wins face-off versus Vladislav Namestnikov in Vegas Golden Knights zone.
19:24 of 1st period - Minor Penalty to Pavel Zacha for Tripping.
19:25 of 1st period - Colin White wins face-off versus Vincent Trocheck in Boston Bruins zone.
19:51 of 1st period - Joel Farabee is hit by Vladislav Namestnikov and loses puck.
19:56 of 1st period - Slapshot by Jaden Schwartz.
19:56 of 1st period - Shot Misses the Net.
19:58 of 1st period - Slapshot by Rickard Rakell.
19:58 of 1st period - Stopped by Pyotr Kochetkov with a rebound.
Goals for this period are 0 for Boston Bruins vs 1 for Vegas Golden Knights.
Shots for this period are 7 for Boston Bruins vs 9 for Vegas Golden Knights.
2nd period
0:01 of 2nd period - Vincent Trocheck wins face-off versus Colin White in neutral zone.
0:10 of 2nd period - Wrist shot by Phil Kessel.
0:10 of 2nd period - Stopped by Philipp Grubauer with a rebound.
1:20 of 2nd period - Joel Farabee is hit by Tom Wilson and loses puck.
1:24 of 2nd period - Penalty to Pavel Zacha is over, Pavel Zacha is back on ice.
2:11 of 2nd period - Artemi Panarin is hit by Vincent Trocheck and loses puck.
2:28 of 2nd period - Colin White is hit by Joel Farabee and loses puck.
5:18 of 2nd period - Slapshot by Joel Farabee.
5:18 of 2nd period - Shot Misses the Net.
5:20 of 2nd period - Snap shot by Anthony Beauvillier.
5:20 of 2nd period - Shot Blocked by Tom Wilson.
5:34 of 2nd period - Mason Appleton is hit by Vladislav Namestnikov.
6:30 of 2nd period - Jordan Staal is hit by Joel Farabee and loses puck.
7:01 of 2nd period - Mason Appleton is hit by Victor Olofsson and loses puck.
7:54 of 2nd period - Snap shot by Joel Farabee.
7:54 of 2nd period - Shot Blocked by Tom Wilson.
8:04 of 2nd period - Wrist shot by Brock McGinn.
8:04 of 2nd period - Shot Blocked by Jordan Staal.
8:06 of 2nd period - Snap shot by Ryan Donato.
8:06 of 2nd period - Shot Blocked by John Marino.
8:08 of 2nd period - Snap shot by Victor Mete.
8:08 of 2nd period - Shot Blocked by Brian Dumoulin.
8:10 of 2nd period - Snap shot by Ryan Donato.
8:10 of 2nd period - Shot Misses the Net.
8:12 of 2nd period - Wrist shot by Ryan Donato.
8:12 of 2nd period - Deflect By Danton Heinen.
8:12 of 2nd period - Stopped by Philipp Grubauer with a rebound.
8:14 of 2nd period - Snap shot by Ryan Donato.
8:14 of 2nd period - Stopped by Philipp Grubauer with a rebound.
8:24 of 2nd period - Wrist shot by Vladislav Namestnikov.
8:24 of 2nd period - Stopped by Pyotr Kochetkov with a rebound.
8:26 of 2nd period - Slapshot by Zach Parise.
8:26 of 2nd period - Shot Misses the Net.
8:28 of 2nd period - Slapshot by John Marino.
8:28 of 2nd period - Stopped by Pyotr Kochetkov without a rebound.
8:29 of 2nd period - Vladislav Namestnikov wins face-off versus Pavel Zacha in Boston Bruins zone.
8:30 of 2nd period - Slapshot by Jonathan Drouin.
8:30 of 2nd period - Shot Misses the Net.
8:47 of 2nd period - Snap shot by Zach Parise.
8:47 of 2nd period - Stopped by Pyotr Kochetkov with a rebound.
8:49 of 2nd period - Snap shot by Marc Staal.
8:49 of 2nd period - Stopped by Pyotr Kochetkov with a rebound.
8:51 of 2nd period - Slapshot by Zach Parise.
8:51 of 2nd period - Stopped by Pyotr Kochetkov with a rebound.
8:53 of 2nd period - Snap shot by Zach Parise.
8:53 of 2nd period - Stopped by Pyotr Kochetkov without a rebound.
8:54 of 2nd period - Vincent Trocheck wins face-off versus Jordan Staal in Boston Bruins zone.
8:59 of 2nd period - Snap shot by Phil Kessel.
8:59 of 2nd period - Stopped by Philipp Grubauer without a rebound.
9:00 of 2nd period - Jordan Staal wins face-off versus Vincent Trocheck in Vegas Golden Knights zone.
9:05 of 2nd period - Wrist shot by Tom Wilson.
9:05 of 2nd period - Stopped by Pyotr Kochetkov with a rebound.
9:07 of 2nd period - Snap shot by Tom Wilson.
9:07 of 2nd period - Shot Misses the Net.
9:31 of 2nd period - Wrist shot by Rickard Rakell.
9:31 of 2nd period - Shot Misses the Net.
9:33 of 2nd period - Slapshot by Anthony Cirelli.
9:33 of 2nd period - Shot Misses the Net.
10:15 of 2nd period - Wrist shot by Sean Durzi.
10:15 of 2nd period - Shot Misses the Net.
10:27 of 2nd period - Wrist shot by Artemi Panarin.
10:27 of 2nd period - Stopped by Pyotr Kochetkov with a rebound.
10:31 of 2nd period - Snap shot by Artemi Panarin.
10:31 of 2nd period - Deflect By Tom Wilson.
10:31 of 2nd period - Stopped by Pyotr Kochetkov with a rebound.
10:33 of 2nd period - Slapshot by Brian Dumoulin.
10:33 of 2nd period - Shot Blocked by Vincent Trocheck.
10:35 of 2nd period - Snap shot by Tom Wilson.
10:35 of 2nd period - Shot Blocked by Matt Grzelcyk.
10:37 of 2nd period - Slapshot by Brian Dumoulin.
10:37 of 2nd period - Stopped by Pyotr Kochetkov without a rebound.
10:38 of 2nd period - Anthony Cirelli wins face-off versus Joel Farabee in Boston Bruins zone.
10:45 of 2nd period - Snap shot by Rickard Rakell.
10:45 of 2nd period - Shot Misses the Net.
10:47 of 2nd period - Wrist shot by Jaden Schwartz.
10:47 of 2nd period - Stopped by Pyotr Kochetkov with a rebound.
10:49 of 2nd period - Wrist shot by Rickard Rakell.
10:49 of 2nd period - Stopped by Pyotr Kochetkov without a rebound.
10:50 of 2nd period - Jordan Staal wins face-off versus Pavel Zacha in Boston Bruins zone.
10:51 of 2nd period - Snap shot by Artemi Panarin.
10:51 of 2nd period - Stopped by Pyotr Kochetkov without a rebound.
10:52 of 2nd period - Pavel Zacha wins face-off versus Jordan Staal in Boston Bruins zone.
11:07 of 2nd period - Wrist shot by Artemi Panarin.
11:07 of 2nd period - Stopped by Pyotr Kochetkov with a rebound.
11:09 of 2nd period - Slapshot by Andrew Peeke.
11:09 of 2nd period - Stopped by Pyotr Kochetkov without a rebound.
11:10 of 2nd period - Anthony Cirelli wins face-off versus Phil Kessel in Boston Bruins zone.
11:11 of 2nd period - Wrist shot by Jaden Schwartz.
11:11 of 2nd period - Stopped by Pyotr Kochetkov with a rebound.
11:20 of 2nd period - Slapshot by Samuel Girard.
11:20 of 2nd period - Shot Blocked by John Marino.
11:24 of 2nd period - Slapshot by Phil Kessel.
11:24 of 2nd period - Shot Misses the Net.
11:26 of 2nd period - Snap shot by Vincent Trocheck.
11:26 of 2nd period - Shot Misses the Net.
11:53 of 2nd period - Off-side.
11:54 of 2nd period - Pavel Zacha wins face-off versus Jordan Staal in neutral zone.
11:58 of 2nd period - Off-side.
11:59 of 2nd period - Jordan Staal wins face-off versus Pavel Zacha in neutral zone.
12:02 of 2nd period - Joel Farabee is hit by Jordan Staal and loses puck.
12:13 of 2nd period - Wrist shot by Artemi Panarin.
12:13 of 2nd period - Shot Blocked by Anthony Beauvillier.
12:15 of 2nd period - Slapshot by Brian Dumoulin.
12:15 of 2nd period - Stopped by Pyotr Kochetkov with a rebound.
12:29 of 2nd period - Snap shot by Vincent Trocheck.
12:29 of 2nd period - Stopped by Philipp Grubauer with a rebound.
12:31 of 2nd period - Slapshot by Tyson Barrie.
12:31 of 2nd period - Stopped by Philipp Grubauer with a rebound.
12:33 of 2nd period - Backhand shot by Vincent Trocheck.
12:33 of 2nd period - Shot Blocked by John Marino.
12:35 of 2nd period - Snap shot by Vincent Trocheck.
12:35 of 2nd period - Stopped by Philipp Grubauer without a rebound.
12:36 of 2nd period - Jordan Staal wins face-off versus Ryan Donato in Vegas Golden Knights zone.
12:43 of 2nd period - Slapshot by Tom Wilson.
12:43 of 2nd period - Shot Misses the Net.
12:49 of 2nd period - Snap shot by Ryan Donato.
12:49 of 2nd period - Shot Hit the Post.
12:51 of 2nd period - Backhand shot by Ryan Donato.
12:51 of 2nd period - Shot Misses the Net.
13:01 of 2nd period - Brandon Hagel is hit by Andrew Peeke and loses puck.
13:27 of 2nd period - Pavel Zacha is hit by Jonathan Drouin and loses puck.
14:34 of 2nd period - Slapshot by Charlie McAvoy.
14:34 of 2nd period - Shot Misses the Net.
14:52 of 2nd period - Wrist shot by Vincent Trocheck.
14:52 of 2nd period - Stopped by Philipp Grubauer with a rebound.
15:08 of 2nd period - Anthony Beauvillier is hit by Colin White and loses puck.
15:13 of 2nd period - Wrist shot by Victor Olofsson.
15:13 of 2nd period - Shot Misses the Net.
16:24 of 2nd period - Snap shot by Victor Olofsson.
16:24 of 2nd period - Stopped by Pyotr Kochetkov with a rebound.
16:26 of 2nd period - Snap shot by Victor Olofsson.
16:26 of 2nd period - Goal by Victor Olofsson - Boston Bruins : 0 - Vegas Golden Knights : 2.
16:27 of 2nd period - Vincent Trocheck wins face-off versus Jordan Staal in neutral zone.
16:29 of 2nd period - Tyson Barrie is hit by Marc Staal and loses puck.
16:51 of 2nd period - Icing by Tyson Barrie.
16:52 of 2nd period - Anthony Cirelli wins face-off versus Ryan Donato in Boston Bruins zone.
17:05 of 2nd period - Wrist shot by Jaden Schwartz.
17:05 of 2nd period - Stopped by Pyotr Kochetkov with a rebound.
17:07 of 2nd period - Snap shot by Jaden Schwartz.
17:07 of 2nd period - Stopped by Pyotr Kochetkov with a rebound.
17:28 of 2nd period - Wrist shot by Ryan Donato.
17:28 of 2nd period - Shot Blocked by Jaden Schwartz.
17:30 of 2nd period - Slapshot by Danton Heinen.
17:30 of 2nd period - Stopped by Philipp Grubauer with a rebound.
17:32 of 2nd period - Slapshot by Tyson Barrie.
17:32 of 2nd period - Stopped by Philipp Grubauer with a rebound.
18:00 of 2nd period - Wrist shot by Ryan Donato.
18:00 of 2nd period - Deflect By Danton Heinen.
18:00 of 2nd period - Shot Blocked by Brian Dumoulin.
18:00 of 2nd period - Puck is out of play.
18:01 of 2nd period - Pavel Zacha wins face-off versus Jordan Staal in Vegas Golden Knights zone.
19:09 of 2nd period - Wrist shot by Sean Durzi.
19:09 of 2nd period - Deflect By Mason Appleton.
19:09 of 2nd period - Stopped by Philipp Grubauer with a rebound.
19:39 of 2nd period - Slapshot by Tom Wilson.
19:39 of 2nd period - Shot Blocked by Samuel Girard.
Goals for this period are 0 for Boston Bruins vs 1 for Vegas Golden Knights.
Shots for this period are 11 for Boston Bruins vs 21 for Vegas Golden Knights.
3rd period
0:01 of 3rd period - Jordan Staal wins face-off versus Vincent Trocheck in neutral zone.
0:26 of 3rd period - Anthony Cirelli is hit by Anthony Beauvillier and loses puck.
1:17 of 3rd period - Off-side.
1:18 of 3rd period - Jordan Staal wins face-off versus Sean Durzi in neutral zone.
1:28 of 3rd period - Minor Penalty to Mason Appleton for Tripping.
1:29 of 3rd period - Vincent Trocheck wins face-off versus Colin White in Boston Bruins zone.
1:39 of 3rd period - Slapshot by Jaden Schwartz.
1:39 of 3rd period - Goal by Jaden Schwartz - Boston Bruins : 0 - Vegas Golden Knights : 3.
1:40 of 3rd period - Jordan Staal wins face-off versus Vincent Trocheck in neutral zone.
1:49 of 3rd period - Icing by Brandon Hagel.
1:50 of 3rd period - Vincent Trocheck wins face-off versus Jordan Staal in Boston Bruins zone.
1:50 of 3rd period - Vincent Trocheck is hit by Jordan Staal.
1:58 of 3rd period - Vincent Trocheck is hit by Jordan Staal and loses puck.
2:40 of 3rd period - Wrist shot by Vincent Trocheck.
2:40 of 3rd period - Shot Misses the Net.
3:39 of 3rd period - Snap shot by Tom Wilson.
3:39 of 3rd period - Stopped by Pyotr Kochetkov with a rebound.
3:41 of 3rd period - Snap shot by Artemi Panarin.
3:41 of 3rd period - Stopped by Pyotr Kochetkov with a rebound.
3:43 of 3rd period - Wrist shot by John Marino.
3:43 of 3rd period - Stopped by Pyotr Kochetkov with a rebound.
3:45 of 3rd period - Snap shot by Artemi Panarin.
3:45 of 3rd period - Stopped by Pyotr Kochetkov with a rebound.
3:47 of 3rd period - Snap shot by Brian Dumoulin.
3:47 of 3rd period - Stopped by Pyotr Kochetkov without a rebound.
3:48 of 3rd period - Anthony Cirelli wins face-off versus Pavel Zacha in Boston Bruins zone.
3:51 of 3rd period - Wrist shot by Rickard Rakell.
3:51 of 3rd period - Shot Misses the Net.
4:22 of 3rd period - Wrist shot by Zach Parise.
4:22 of 3rd period - Stopped by Pyotr Kochetkov with a rebound.
4:42 of 3rd period - Snap shot by Morgan Geekie.
4:42 of 3rd period - Shot Misses the Net.
4:44 of 3rd period - Snap shot by Sean Durzi.
4:44 of 3rd period - Stopped by Philipp Grubauer with a rebound.
4:46 of 3rd period - Wrist shot by Mason Appleton.
4:46 of 3rd period - Stopped by Philipp Grubauer without a rebound.
4:47 of 3rd period - Anthony Cirelli wins face-off versus Joel Farabee in Vegas Golden Knights zone.
4:47 of 3rd period - Anthony Cirelli is hit by Charlie McAvoy.
5:22 of 3rd period - Brock McGinn is hit by Jonathan Drouin and loses puck.
5:56 of 3rd period - P.K. Subban is hit by Pavel Zacha.
6:10 of 3rd period - Wrist shot by Danton Heinen.
6:10 of 3rd period - Shot Misses the Net.
6:38 of 3rd period - Anthony Cirelli is hit by Mason Appleton and loses puck.
6:43 of 3rd period - Slapshot by Tyson Barrie.
6:43 of 3rd period - Stopped by Philipp Grubauer without a rebound.
6:44 of 3rd period - Morgan Geekie wins face-off versus Zach Parise in Vegas Golden Knights zone.
7:21 of 3rd period - Wrist shot by Jordan Spence.
7:21 of 3rd period - Stopped by Philipp Grubauer without a rebound.
7:22 of 3rd period - Artemi Panarin wins face-off versus Pavel Zacha in Vegas Golden Knights zone.
7:22 of 3rd period - Artemi Panarin is hit by Pavel Zacha.
7:30 of 3rd period - Charlie McAvoy is hit by Tom Wilson and loses puck.
8:15 of 3rd period - Slapshot by Charlie McAvoy.
8:15 of 3rd period - Shot Blocked by Jonathan Drouin.
8:17 of 3rd period - Slapshot by Charlie McAvoy.
8:17 of 3rd period - Stopped by Philipp Grubauer with a rebound.
8:19 of 3rd period - Slapshot by Samuel Girard.
8:19 of 3rd period - Shot Misses the Net.
8:35 of 3rd period - Snap shot by Sean Durzi.
8:35 of 3rd period - Shot Misses the Net.
8:37 of 3rd period - Slapshot by Jordan Spence.
8:37 of 3rd period - Stopped by Philipp Grubauer with a rebound.
8:39 of 3rd period - Slapshot by Tyson Barrie.
8:39 of 3rd period - Shot Misses the Net.
8:45 of 3rd period - Minor Penalty to Jonathan Drouin for Holding.
8:46 of 3rd period - Vincent Trocheck wins face-off versus Jordan Staal in Vegas Golden Knights zone.
9:01 of 3rd period - Slapshot by Brian Dumoulin.
9:01 of 3rd period - Deflect By Matt Grzelcyk.
9:01 of 3rd period - Stopped by Pyotr Kochetkov with a rebound.
9:03 of 3rd period - Slapshot by Brian Dumoulin.
9:03 of 3rd period - Stopped by Pyotr Kochetkov without a rebound.
9:04 of 3rd period - Jordan Staal wins face-off versus Ryan Donato in Boston Bruins zone.
9:37 of 3rd period - Snap shot by Pavel Zacha.
9:37 of 3rd period - Stopped by Philipp Grubauer without a rebound.
9:38 of 3rd period - Jordan Staal wins face-off versus Vincent Trocheck in Vegas Golden Knights zone.
9:38 of 3rd period - Jordan Staal is hit by Vincent Trocheck.
10:10 of 3rd period - Backhand shot by Joel Farabee.
10:10 of 3rd period - Goal by Joel Farabee - Boston Bruins : 1 - Vegas Golden Knights : 3.
10:11 of 3rd period - Jordan Staal wins face-off versus Pavel Zacha in neutral zone.
10:23 of 3rd period - Icing by Jordan Spence.
10:24 of 3rd period - Pavel Zacha wins face-off versus Tom Wilson in Boston Bruins zone.
10:24 of 3rd period - Pavel Zacha is hit by John Marino.
10:46 of 3rd period - Wrist shot by Joel Farabee.
10:46 of 3rd period - Shot Misses the Net.
10:48 of 3rd period - Slapshot by Jordan Spence.
10:48 of 3rd period - Stopped by Philipp Grubauer with a rebound.
10:50 of 3rd period - Wrist shot by Anthony Beauvillier.
10:50 of 3rd period - Shot Blocked by Artemi Panarin.
10:52 of 3rd period - Backhand shot by Pavel Zacha.
10:52 of 3rd period - Stopped by Philipp Grubauer without a rebound.
10:53 of 3rd period - Anthony Cirelli wins face-off versus Vincent Trocheck in Vegas Golden Knights zone.
11:42 of 3rd period - Jordan Staal is hit by Anthony Beauvillier and loses puck.
11:49 of 3rd period - Snap shot by Pavel Zacha.
11:49 of 3rd period - Stopped by Philipp Grubauer without a rebound.
11:50 of 3rd period - Anthony Cirelli wins face-off versus Vincent Trocheck in Vegas Golden Knights zone.
11:50 of 3rd period - Anthony Cirelli is hit by Samuel Girard.
11:56 of 3rd period - Slapshot by Charlie McAvoy.
11:56 of 3rd period - Deflect By Vincent Trocheck.
11:56 of 3rd period - Stopped by Philipp Grubauer with a rebound.
12:42 of 3rd period - Snap shot by Vladislav Namestnikov.
12:42 of 3rd period - Shot Misses the Net.
12:44 of 3rd period - Slapshot by Brian Dumoulin.
12:44 of 3rd period - Shot Blocked by Matt Grzelcyk.
12:46 of 3rd period - Wrist shot by Zach Parise.
12:46 of 3rd period - Stopped by Pyotr Kochetkov with a rebound.
12:48 of 3rd period - Wrist shot by Brian Dumoulin.
12:48 of 3rd period - Shot Blocked by Ryan Donato.
12:50 of 3rd period - Slapshot by Brian Dumoulin.
12:50 of 3rd period - Shot Blocked by Brock McGinn.
13:04 of 3rd period - Slapshot by Matt Grzelcyk.
13:04 of 3rd period - Stopped by Philipp Grubauer with a rebound.
13:06 of 3rd period - Snap shot by Sean Durzi.
13:06 of 3rd period - Stopped by Philipp Grubauer with a rebound.
13:08 of 3rd period - Slapshot by Mason Appleton.
13:08 of 3rd period - Stopped by Philipp Grubauer with a rebound.
13:10 of 3rd period - Slapshot by Victor Mete.
13:10 of 3rd period - Stopped by Philipp Grubauer without a rebound.
13:11 of 3rd period - Jordan Staal wins face-off versus Anthony Beauvillier in Vegas Golden Knights zone.
13:26 of 3rd period - Wrist shot by Joel Farabee.
13:26 of 3rd period - Shot Misses the Net.
14:11 of 3rd period - Snap shot by Ryan Donato.
14:11 of 3rd period - Shot Blocked by P.K. Subban.
14:19 of 3rd period - Minor Penalty to Vladislav Namestnikov for Slashing.
14:20 of 3rd period - Jordan Staal wins face-off versus Ryan Donato in Vegas Golden Knights zone.
14:20 of 3rd period - Jordan Staal is hit by Charlie McAvoy.
14:30 of 3rd period - Slapshot by Charlie McAvoy.
14:30 of 3rd period - Deflect By Ryan Donato.
14:30 of 3rd period - Stopped by Philipp Grubauer with a rebound.
14:36 of 3rd period - Brandon Hagel is hit by Tom Wilson and loses puck.
14:55 of 3rd period - Wrist shot by Vincent Trocheck.
14:55 of 3rd period - Stopped by Philipp Grubauer with a rebound.
14:57 of 3rd period - Wrist shot by Vincent Trocheck.
14:57 of 3rd period - Stopped by Philipp Grubauer with a rebound.
15:21 of 3rd period - Wrist shot by Anthony Cirelli.
15:21 of 3rd period - Stopped by Pyotr Kochetkov with a rebound.
16:14 of 3rd period - Icing by Vincent Trocheck.
16:15 of 3rd period - Vincent Trocheck wins face-off versus Anthony Cirelli in Boston Bruins zone.
16:19 of 3rd period - Penalty to Vladislav Namestnikov is over, Vladislav Namestnikov is back on ice.
17:46 of 3rd period - Matt Grzelcyk is hit by Victor Olofsson.
18:05 of 3rd period - Slapshot by Artemi Panarin.
18:05 of 3rd period - Shot Misses the Net.
18:07 of 3rd period - Snap shot by Artemi Panarin.
18:07 of 3rd period - Shot Misses the Net.
18:09 of 3rd period - Snap shot by Tom Wilson.
18:09 of 3rd period - Stopped by Pyotr Kochetkov with a rebound.
18:15 of 3rd period - Joel Farabee is hit by John Marino and loses puck.
19:24 of 3rd period - Slapshot by Jaden Schwartz.
19:24 of 3rd period - Stopped by Pyotr Kochetkov without a rebound.
19:25 of 3rd period - Anthony Cirelli wins face-off versus Pavel Zacha in Boston Bruins zone.
Goals for this period are 1 for Boston Bruins vs 1 for Vegas Golden Knights.
Shots for this period are 19 for Boston Bruins vs 13 for Vegas Golden Knights.
Back to the Top